 Dungeon Crawl Stone Soup version 0.19.0-20-gbc5f0c6 (webtiles) character file.

60 Nimsei the Digger (level 3, 0/31 HPs)
             Began as a Troll Earth Elementalist on Nov 16, 2016.
             Slain by an adder (1 damage)
             ... on level 2 of the Dungeon.
             The game lasted 00:13:00 (774 turns).

Nimsei the Digger (Troll Earth Elementalist)         Turns: 774, Time: 00:13:04

Health: 0/31       AC:  5    Str: 15 (17) XL:     3   Next: 82%
Magic:  1/4        EV: 10    Int:  8 (11) God:
Gold:   40         SH:  0    Dex:  7 (10) Spells: 2 memorised, 2 levels left

rFire  . . .     SeeInvis .     a - +0 club
rCold  . . .     Gourm    +     f - +0 robe
rNeg   . . .     Faith    .     (no shield)
rPois  .         Spirit   .     (helmet restricted)
rElec  .         Reflect  .     (no cloak)
rCorr  .         Harm     .     (gloves unavailable)
MR     .....                    (boots unavailable)
Stlth  +.........               (no amulet)
                                (no ring)
                                (no ring)

@: lethally poisoned (0 -> -2)
A: unfitting armour, claws 3, fast metabolism 3, gourmand, regeneration 1,
shaggy fur 1, tough skin 2
a: no special abilities


You were on level 2 of the Dungeon.
You were not hungry.

You visited 1 branch of the dungeon, and saw 2 of its levels.

You collected 40 gold pieces.

Inventory:

Hand Weapons
 a - a +0 club (weapon)
Missiles
 b - 85 stones (quivered)
Armour
 f - a +0 robe (worn)
Scrolls
 j - a scroll of recharging
Potions
 k - a potion of curing {unknown}
Books
 e - a book of Geomancy

   Spells                             Type                      Level
   a - Sandblast                      Earth                        1
   b - Passwall                       Transmutation/Earth          2
   c - Stone Arrow                    Conjuration/Earth            3
   d - Petrify                        Transmutation/Earth          4
   e - Lee's Rapid Deconstruction     Earth                        5
Comestibles
 c - 2 beef jerkies
 d - 2 bread rations
 g - 2 chunks of flesh


   Skills:
 + Level 0.1 Fighting
 + Level 1.0 Maces & Flails
 + Level 2.1 Dodging
 + Level 1.0 Stealth
 + Level 0.2 Unarmed Combat
 + Level 1.6 Spellcasting
 + Level 0.7 Transmutations
 + Level 3.2 Earth Magic


You had 2 spell levels left.
You knew the following spells:

 Your Spells              Type           Power        Failure   Level  Hunger
a - Sandblast             Erth           #.....       12%         1    ##.....
b - Passwall              Tmut/Erth      #.........   30%         2    ###....


Dungeon Overview and Level Annotations

Branches:
Dungeon (2/15)

Altars:


Innate Abilities, Weirdness & Mutations

You are too large for most types of armour.
You have claws for hands.
Your metabolism is lightning-fast.
You like to eat raw meat.
Your natural rate of healing is unusually fast.
You are covered in fur. (AC +1)
You have very tough skin. (AC +2)


Message History

Aim: an adder (heavily wounded)
The blast of sand hits the adder.
You kill the adder!
You feel sick. The adder misses you.
You barely miss the adder.
The adder is heavily wounded.
The adder bites you.
* * * LOW HITPOINT WARNING * * *
You are more poisoned.
The adder poisons you!
You completely miss the adder.
The adder is heavily wounded.
You feel sick. The adder misses you. The adder bites you but does no damage.
You hit the adder but do no damage.
The adder is heavily wounded.
The adder bites you.
* * * LOW HITPOINT WARNING * * *
You are more poisoned.
The adder poisons you! The adder bites you.
You die...

## .. #.######
........
#.####..##########
#...........Kb..K#
###......#######b#
###..?...# #S#
.##......# #@#
.##....$.# ###
..#.....(##
#.#.......#
#.##......##♣
#.##....$.#.♣♣♣
#..###........♣
##.###.........♣
#..##....#...♣.


You could see an adder, a bat and a kobold.

Vanquished Creatures
  3 adders (D:2)
  A dart slug (D:1)
  A leopard gecko (D:1)
  A bat (D:1)
  A giant cockroach (D:1)
  4 goblins
  8 hobgoblins (D:1)
  4 kobolds (D:1)
  A quokka (D:2)
  3 frilled lizards
27 creatures vanquished.

Notes
Turn   | Place    | Note
-------+----------+-------------------------------------------
     0 | D:1      | Nimsei the Troll Earth Elementalist began the quest for the Orb.
     0 | D:1      | Reached XP level 1. HP: 16/16 MP: 1/1
    79 | D:1      | Reached XP level 2. HP: 19/24 MP: 3/3
   146 | D:1      | Reached skill level 3 in Earth Magic
   420 | D:1      | Reached XP level 3. HP: 13/31 MP: 0/4
   519 | D:1      | Learned a level 2 spell: Passwall
   701 | D:2      | Reached skill level 1 in Maces & Flails
   774 | D:2      | HP: 1/31 [adder (3)]
   774 | D:2      | Slain by an adder

Skill      XL: |  1  2  3 |
---------------+----------+-----
Earth Magic    | 3 |  3.2
Dodging        | 2 |  2.1
Maces & Flails | 1 |  1.0
Fighting       | |  0.1
Stealth        | |  1.0
Unarmed Combat | |  0.2
Spellcasting   | |  1.6
Transmutations | |  0.7

Action                   || total
-------------------------++-------
Melee: Club              ||   142
       Unarmed           ||     9
 Cast: Sandblast         ||    25
       Passwall          ||     2
  Use: Potion            ||     1
       Scroll            ||     1
  Eat: Chunk             ||     7
Armor: Robe              ||    68
Dodge: Dodged            ||   128
